 Dungeon Crawl Stone Soup version 0.29-a0-490-g77b3608bb8 (webtiles) character file.

Game seed: 16989688237265742832

781 Hubjo the Firebug (level 7, -5/41 HPs)
             Began as a Deep Elf Fire Elementalist on May 26, 2022.
             Was an Initiate of Sif Muna.
             Slain by a two-headed ogre
             ... wielding a +0 giant club
              (14 damage)
             ... on level 6 of the Dungeon.
             The game lasted 00:13:13 (9134 turns).

Hubjo the Firebug (Deep Elf Fire Elementalist)      Turns: 9134, Time: 00:13:17

Health: -5/41      AC:  5    Str:  9    XL:     7   Next: 55%
Magic:  0/17       EV: 12    Int: 22    God:    Sif Muna [......]
Gold:   819        SH:  0    Dex: 15    Spells: 12/17 levels left

rFire   + . .      SeeInvis .   d - +4 hand axe of Forced Transition {elec, *Noise Drain rElec Str+4}
rCold   . . .      Faith    .   (no shield)
rNeg    . . .      Spirit   +   s - +1 robe {rF+}
rPois   .          Reflect  .   A - +2 hat
rElec   +          Harm     .   (no cloak)
rCorr   .          Rampage  .   (no gloves)
Will    .....                   (no boots)
Stlth   +++.......              z - amulet of guardian spirit
HPRegen 0.13/turn               (no ring)
MPRegen 0.15/turn               (no ring)

@: no status effects
A: no striking features
a: Renounce Religion


You were on level 6 of the Dungeon.
You worshipped Sif Muna.
Sif Muna was noncommittal.
You visited 2 branches of the dungeon, and saw 7 of its levels.
You also visited: Sewer.

You collected 1031 gold pieces.
You spent 192 gold pieces at shops.
You donated 20 gold pieces to Zin.

Inventory:

Hand Weapons
 d - the +4 hand axe of Forced Transition (weapon) {elec, *Noise Drain rElec Str+4}
   (You bought it in a shop on level 5 of the Dungeon)

   It occasionally discharges a powerful burst of electricity upon striking a
   foe.
   Str:       It affects your strength (+4).
   rElec:     It insulates you from electricity.
   *Noise:    It may make noises in combat.
   Drain:     It drains your maximum health when unequipped.
 v - a +3 short sword
Armour
 a - a +0 robe
 s - a +1 robe of fire resistance (worn)
 A - a +2 hat (worn)
Jewellery
 e - a ring of ice
 z - an amulet of guardian spirit (around neck)
Scrolls
 g - a scroll of immolation
 h - a scroll of amnesia
 i - a scroll of teleportation
 j - 2 scrolls of silence
 k - a scroll of fog
 x - a scroll of poison {unknown}
 y - a scroll of brand weapon {unknown}
Potions
 b - 4 potions of magic
 c - a potion of mutation {unknown}
 l - 2 potions of curing {unknown}
 m - 2 potions of invisibility {unknown}
 n - 2 potions of might
 o - 2 potions of resistance {unknown}
 p - 3 potions of heal wounds {unknown}
 r - a potion of degeneration {unknown}
 t - a potion of brilliance {unknown}
 u - 2 potions of haste {unknown}
 w - a potion of cancellation {unknown}
 B - a potion of attraction {unknown}


   Skills:
 + Level 3.4 Fighting
 - Level 2.4 Dodging
 + Level 5.4 Stealth
 + Level 5.7 Spellcasting
 - Level 1.1 Conjurations
 * Level 6.2 Fire Magic


You had 12 spell levels left.
You knew the following spells:

 Your Spells              Type           Power      Damage    Failure   Level
a - Foxfire               Conj/Fire      88%        2x1d8     1%          1
b - Flame Wave            Conj/Fire      22%        2d7       21%         4

Your spell library contained the following spells:

 Spells                   Type           Power      Damage    Failure   Level
 Scorch                   Fire           66%        2d8       1%          2
 Conjure Flame            Conj/Fire      22%        6-21      6%          3
 Inner Flame              Hex/Fire       20%        N/A       8%          3
 Apportation              Tloc           12%        N/A       10%         1
 Necrotize                Necr           24%        1d5       10%         1
 Summon Small Mammal      Summ           24%        N/A       10%         1
 Static Discharge         Conj/Air       8%         N/A       12%         2
 Dazzling Flash           Conj/Hex       16%        N/A       22%         3
 Lightning Bolt           Conj/Air       4%         1d15      91%         5
 Agony                    Necr           6%         N/A       95%         5
 Silence                  Hex/Air        3%         N/A       95%         5
 Maxwell's Capacitive Co  Air            3%         ∞         100%        8


Dungeon Overview and Level Annotations

Branches:
Dungeon (6/15)             Temple (1/1) D:4           Sewer (visited)

Altars:
Ashenzari
Cheibriados
Dithmenos
Elyvilon
Fedhas
Hepliaklqana
Kikubaaqudgha
Makhleb
Okawaru
Qazlal
Ru
Sif Muna
Trog
Uskayaw
Vehumet
Xom
Yredelemnul
Zin
The Shining One

Shops:
D:5 (


Message History

The two-headed ogre is moderately wounded.
Your foxfire dissipates!
The foxfire hits the two-headed ogre.
The two-headed ogre is moderately wounded.
Your foxfire dissipates!
The foxfire hits the two-headed ogre but does no damage.
The two-headed ogre is moderately wounded.
Unknown command.
You conjure some foxfire!
The foxfire hits the two-headed ogre.
The two-headed ogre is moderately wounded.
The two-headed ogre barely misses you. The two-headed ogre closely misses you.
You conjure some foxfire!
The foxfire hits the two-headed ogre.
The two-headed ogre is moderately wounded.
The foxfire hits the two-headed ogre.
The two-headed ogre is heavily wounded.
You conjure some foxfire!
The foxfire hits the two-headed ogre.
The two-headed ogre is heavily wounded.
The foxfire hits the two-headed ogre.
The two-headed ogre is severely wounded.
The two-headed ogre closely misses you. x2
You conjure some foxfire!
The foxfire hits the two-headed ogre.
The two-headed ogre is severely wounded.
The foxfire hits the two-headed ogre.
The two-headed ogre is almost dead.
The two-headed ogre hits you with a +0 giant club!
The two-headed ogre completely misses you.
You barely miss the two-headed ogre.
The two-headed ogre is severely wounded.
The foxfire hits the two-headed ogre.
The two-headed ogre is almost dead.
The foxfire hits the two-headed ogre.
The two-headed ogre is almost dead.
Casting: Foxfire (safe; 1% risk of failure)
Confirm with . or Enter, or press ? or * to list all spells.
You conjure some foxfire!
The two-headed ogre hits you with a +0 giant club!!
Ouch! That really hurt!
* * * LOW HITPOINT WARNING * * *
The two-headed ogre hits you with a +0 giant club!
You die...

............####
................
+###...........
#...........
#...........
#...........
##...........
..#####v......#####
......O@§.....#
......#v......#
..... #.....[.#
...# #.......# ..
.......... .
..........
...........
.....)...<


You could see a two-headed ogre (ally target).

Vanquished Creatures
  A black bear (D:5)
  A kobold brigand (Sewer)
  A phantom (D:5)
  A necrophage (D:4)
  2 scorpions (D:5)
  2 howler monkeys
  A hound (D:4)
  2 orc wizards
  3 gnolls (D:3)
  6 adders
  A white imp (D:6)
  A worm (D:4)
  A dart slug (D:4)
  9 orcs
  14 bats
  8 endoplasms
  9 giant cockroaches
  A hobgoblin (D:4)
  6 jackals
  22 kobolds
  4 quokkas
  10 ball pythons
  3 frilled lizards
  7 goblins
  7 rats
123 creatures vanquished.

Vanquished Creatures (collateral kills)
  20 foxfires
20 creatures vanquished.

Vanquished Creatures (others)
  744 foxfires
  9 fungi
  5 plants (Sewer)
  5 toadstools (D:5)
763 creatures vanquished.

Grand Total: 906 creatures vanquished

Notes
Turn   | Place    | Note
-------+----------+-------------------------------------------
     0 | D:1      | Hubjo the Deep Elf Fire Elementalist began the quest for
                  | the Orb.
     0 | D:1      | Reached XP level 1. HP: 10/10 MP: 6/6
   521 | D:1      | Reached XP level 2. HP: 5/16 MP: 1/8
   976 | D:1      | Reached skill level 1 in Fighting
  1082 | D:1      | Found a faded altar of an unknown god.
  1203 | D:1      | Prayed at the altar of an unknown god.
  1203 | D:1      | Became a worshipper of Zin the Law-Giver
  1203 | D:1      | Reached * piety under Zin
  1815 | D:2      | Reached XP level 3. HP: 20/20 MP: 5/9
  2203 | D:2      | Reached ** piety under Zin
  3711 | D:3      | Reached XP level 4. HP: 26/26 MP: 5/11
  4143 | D:3      | Reached skill level 4 in Fire Magic
  4527 | D:3      | Reached XP level 5. HP: 30/30 MP: 9/13
  4532 | D:3      | Learned a level 4 spell: Flame Wave
  4829 | D:4      | Found a blossoming altar of Fedhas.
  4902 | D:4      | Reached *** piety under Zin
  5173 | D:4      | Found a glowing drain.
  5183 | Sewer    | Entered a sewer
  5305 | Sewer    | Reached XP level 6. HP: 11/36 MP: 5/14
  6464 | D:4      | Reached skill level 5 in Fire Magic
  6470 | D:4      | Reached skill level 5 in Spellcasting
  6579 | D:4      | Found a staircase to the Ecumenical Temple.
  6718 | Temple   | Entered the Ecumenical Temple
  6871 | Temple   | Fell from the grace of Zin
  6871 | Temple   | Became a worshipper of Sif Muna the Loreminder
  7147 | D:4      | Found an iron altar of Okawaru.
  7207 | D:5      | Entered Level 5 of the Dungeon
  7207 | D:5      | Found a radiant altar of Vehumet.
  7583 | D:5      | Reached XP level 7. HP: 21/41 MP: 6/16
  7602 | D:5      | Reached skill level 5 in Stealth
  7603 | D:5      | HP: 2/41 [orc wizard/+0 dagger (2)]
  8087 | D:5      | Reached skill level 6 in Fire Magic
  8388 | D:5      | Found Taprak's Antique Weapon Shop.
  8548 | D:5      | Identified a scroll of acquirement
  8548 | D:5      | Acquired 604 gold pieces
  8800 | D:2      | You fall into a shaft and drop 1 floor!
  9027 | D:5      | Bought a jewelled hand axe for 192 gold pieces
  9027 | D:5      | Identified the +4 hand axe of Forced Transition {elec,
                  | *Noise Drain rElec Str+4} (You bought it in a shop on level
                  | 5 of the Dungeon)
  9121 | D:6      | Noticed a two-headed ogre
  9134 | D:6      | Slain by a two-headed ogre

Illustrated notes

Levels and vault maps discovered:
D:1:      minmay_arrival_four_loops, layout_loops_ring,
          dreamdust_ecumenical_altar_hidden_monk_grotto, minmay_heptomino_h4
D:2:      layout_basic, minmay_misc_feat_square, minmay_misc_feat_x,
          chequers_serial_rivers_large_b, grunt_ministairs_2,
          hangedman_decor_points, chequers_serial_rivers_large_a,
          minmay_misc_feat_ornament
D:3:      wander_river, layout_rooms
D:4:      layout_rooms, amcnicky_altar_gilded, mainiacjoe_overflow_brackets,
          minmay_temple_entry_fiery, portal_sewer_entry_a
D:5:      layout_basic, mainiacjoe_overflow_tiny_flanked, serial_shops,
          nicolae_shop_hallway_stairs, minmay_gold_behind_fungi
D:6:      kennysheep_windowed_halls, layout_gridville, uniq_blork_the_orc,
          uniq_pikel
Temple:   regret_index_temple_waves

Skill      XL: |  1  2  3  4  5  6  7 |
---------------+----------------------+-----
Fighting       | 1 2 3 |  3.4
Stealth        | 3 4 5 |  5.4
Spellcasting   | 4 5 |  5.7
Fire Magic     | 4 5 6 |  6.2
Dodging        | |  2.4
Conjurations   | |  1.1

Action                   |  1- 3 |  4- 6 |  7- 9 || total
-------------------------+-------+-------+-------++-------
Melee: Unarmed           |       |     1 |     1 ||     2
       Hand axe          |       |       |     1 ||     1
 Cast: Foxfire           |   180 |   228 |    41 ||   449
       Flame Wave        |       |     1 |       ||     1
  Use: Scroll            |     4 |     1 |     7 ||    12
       Potion            |       |       |     1 ||     1
Armor: Robe              |     3 |     4 |       ||     7
Dodge: Dodged            |     3 |    18 |     7 ||    28

Table legend: (Time is in decaauts)
 A = Elapsed time spent in this place.
 B = Non-inter-level travel time spent in this place.
 C = Inter-level travel time spent in this place.
 D = Time resting spent in this place.
 E = Time spent auto-exploring this place.
 F = Levels seen in this place.
 G = Mean time per level.
                   A        B        C        D        E       F      G
               +--------+--------+--------+--------+--------+-----+--------+
         Total |   9215 |   8543 |    672 |    866 |   6737 |   8 | 1151.9 |
       Dungeon |   7853 |   7252 |    601 |    519 |   5930 |   6 | 1308.8 |
        Temple |    174 |    103 |     71 |      0 |     88 |   1 |  174.0 |
         Sewer |   1187 |   1187 |      0 |    347 |    718 |   1 | 1187.0 |
               +--------+--------+--------+--------+--------+-----+--------+

Top non-repeatable levels by time:
     D:2: 2157 daAuts
     D:1: 1619 daAuts
     D:5: 1524 daAuts
     D:3: 1266 daAuts
   Sewer: 1187 daAuts
     D:4: 1185 daAuts
  Temple: 174 daAuts
     D:6: 100 daAuts
